 Dungeon Crawl Stone Soup version 0.25-a0-474-ga8a2ee3166 (webtiles) character file.

Game seed: 7119395802772088201, levelgen mode: deterministic

410 Emblim88 the Sneak (level 6, -8/28 HPs)
             Began as a Spriggan Venom Mage on Feb 7, 2020.
             Was an Initiate of Fedhas.
             Mangled by an ice beast (13 damage)
             ... on level 5 of the Dungeon.
             The game lasted 00:15:51 (5044 turns).

Emblim88 the Sneak (Spriggan Venom Mage)            Turns: 5044, Time: 00:15:52

Health: -8/28      AC:  2    Str:  4    XL:     6   Next: 58%
Magic:  13/13      EV: 20    Int: 18    God:    Fedhas [......]
Gold:   132        SH:  0    Dex: 17    Spells: 0/13 levels left

rFire    . . .     SeeInvis +   j - +0 hunting sling
rCold    . . .     Gourm    .   (shield restricted)
rNeg     . . .     Faith    .   a - +0 robe
rPois    .         Spirit   .   (helmet restricted)
rElec    .         Reflect  .   (no cloak)
rCorr    .         Harm     .   (gloves unavailable)
MR       +....                  (boots unavailable)
Stlth    +++.......             (no amulet)
HPRegen  0.09/turn              (no ring)
MPRegen  0.13/turn              (no ring)

@: very quick
A: very small, unfitting armour, see invisible, herbivore, speed 3, slow
metabolism 2
a: Renounce Religion


You were on level 5 of the Dungeon.
You worshipped Fedhas.
Fedhas was noncommittal.
You were very hungry.

You visited 1 branch of the dungeon, and saw 5 of its levels.

You collected 132 gold pieces.

Inventory:

Hand Weapons
 j - a +0 hunting sling (weapon)
 s - a +1 dagger of draining
Missiles
 b - 252 stones (quivered)
Armour
 a - a +0 robe (worn)
Wands
 o - a wand of clouds (4)
Scrolls
 f - a scroll of noise {unknown}
 h - a scroll of teleportation {unknown}
 i - 3 scrolls of fog {unknown}
 m - a scroll of enchant armour {unknown}
 n - 2 scrolls of magic mapping {unknown}
 q - a scroll of blinking {unknown}
 v - a scroll of amnesia {unknown}
Potions
 d - a potion of mutation {unknown}
 e - a potion of curing
 g - 2 potions of degeneration {unknown}
 k - a potion of resistance
 l - a potion of magic
 p - 2 potions of ambrosia
 r - a potion of heal wounds
 t - a potion of agility
Comestibles
 c - 7 rations


   Skills:
 + Level 1.3 Short Blades
 + Level 4.8 Dodging
 * Level 6.5 Stealth
 + Level 4.0 Spellcasting
 + Level 3.3 Transmutations
 + Level 3.9 Poison Magic
 + Level 0.1 Invocations
 + Level 2.1 Evocations


You couldn't memorise any spells.
You knew the following spells:

 Your Spells              Type           Power        Failure   Level  Hunger
a - Sting                 Tmut/Pois      ###.         3%          1    None
b - Poisonous Vapours     Pois/Air       ##....       10%         2    ##.....
c - Olgreb's Toxic Radia  Pois           ###.....     28%         4    ####...
d - Ignite Poison         Fire/Tmut/Pois ##......     16%         3    ###....
e - Mephitic Cloud        Conj/Pois/Air  #.......     26%         3    ###....

Your spell library contained the following spells:

 Spells                   Type           Power        Failure   Level  Hunger


Dungeon Overview and Level Annotations

Branches:
Dungeon (5/15)
 Temple: D:4-7

Altars:
Fedhas
Ru
Uskayaw
Xom


Innate Abilities, Weirdness & Mutations

You are very small and have problems with some larger weapons.
You are too small for most types of armour.
You have supernaturally acute eyesight. (SInv)
You are a herbivore.
You cover ground extremely quickly.
You need to consume almost no food.


Message History

The stone hits the ice beast but does no damage.
The ice beast is moderately wounded.
Firing (i - inventory)
b - 254 stones (quivered)
Press: ? - help, Shift-Dir - straight line, f/p - ice beast
Aim: an ice beast (moderately wounded)
You shoot a stone.
The stone hits the ice beast but does no damage.
The ice beast is moderately wounded.
Firing (i - inventory)
b - 253 stones (quivered)
Press: ? - help, Shift-Dir - straight line, f/p - ice beast
Aim: an ice beast (moderately wounded)
You shoot a stone. The stone hits the ice beast.
The ice beast is moderately wounded.
The ice beast hits you. The ice beast freezes you!
There is a stone staircase leading up here.
The ice beast hits you.
* * * LOW HITPOINT WARNING * * *
The ice beast freezes you!
You die...
Fedhas appreciates your contribution to the ecosystem.

#######..........###....
#...#.(..(....(..###.###
##..#.#.....†....(.(....
#..#(#........8.......8
#..#.#.................
##..#(########.8.......8
#.........# #..........
##.##.###.####.8..._...8
#.....#@Y.........###...
#############..........#
###.....#### ######


You could see an ice beast.

Vanquished Creatures
  2 hounds
  An orc wizard (D:4)
  3 orc priests
  2 iguanas (D:4)
  A worker ant (D:4)
  A hound skeleton (D:4)
  An adder (D:5)
  3 worms (D:2)
  3 dart slugs
  4 leopard geckos
  15 orcs
  9 giant cockroaches
  9 goblins
  12 hobgoblins
  6 jackals (D:2)
  6 kobolds
  A quokka (D:4)
  7 bats
  3 frilled lizards
  12 rats
101 creatures vanquished.

Notes
Turn   | Place    | Note
-------+----------+-------------------------------------------
     0 | D:1      | Emblim88 the Spriggan Venom Mage began the quest for the
                  | Orb.
     0 | D:1      | Reached XP level 1. HP: 9/9 MP: 5/5
   403 | D:1      | Reached XP level 2. HP: 13/13 MP: 6/6
   407 | D:1      | Learned a level 2 spell: Poisonous Vapours
  1123 | D:2      | Reached skill level 4 in Stealth
  1223 | D:2      | Reached XP level 3. HP: 16/16 MP: 3/8
  1904 | D:2      | Found a shimmering altar of Xom.
  2004 | D:2      | Reached XP level 4. HP: 13/21 MP: 3/9
  2372 | D:2      | Learned a level 4 spell: Olgreb's Toxic Radiance
  2654 | D:3      | Reached skill level 5 in Stealth
  2861 | D:3      | Reached XP level 5. HP: 24/24 MP: 3/11
  2930 | D:3      | Found a sacrificial altar of Ru.
  3225 | D:3      | Reached skill level 1 in Evocations
  3853 | D:3      | Learned a level 3 spell: Ignite Poison
  4031 | D:4      | Reached skill level 1 in Short Blades
  4031 | D:4      | Reached XP level 6. HP: 23/28 MP: 4/12
  4218 | D:4      | Reached skill level 6 in Stealth
  4816 | D:4      | Found a blossoming altar of Fedhas.
  4831 | D:4      | Became a worshipper of Fedhas Madash
  4836 | D:4      | Learned a level 3 spell: Mephitic Cloud
  4925 | D:5      | Entered Level 5 of the Dungeon
  4953 | D:5      | Found a hide-covered altar of Uskayaw.
  4994 | D:5      | Noticed an ice beast
  5044 | D:5      | Mangled by an ice beast

Levels and vault maps discovered:
D:1:      dpeg_arrival_shrine, layout_basic, serial_curves, eino_curves_01,
          eino_curves_03, eino_curves_03
D:2:      layout_loops_ring, xom_teletrap_fun
D:3:      minmay_roachtagon, layout_loops_corners,
          nicolae_overflow_crystal_walls, first_ration
D:4:      layout_loops_cross, lemuel_round_altar
D:5:      layout_basic, eat_drink_and_be_merry_uskayaw,
          minmay_temple_entry_junction_2

Skill      XL: |  1  2  3  4  5  6 |
---------------+-------------------+-----
Spellcasting   | 3 4 |  4.0
Stealth        | 4 5 6 |  6.5
Transmutations | 2 3 |  3.3
Dodging        | 4 |  4.8
Evocations     | 1 2 |  2.1
Short Blades   | 1 |  1.3
Poison Magic   | |  3.9
Invocations    | |  0.1

Action                   |  1- 3 |  4- 6 || total
-------------------------+-------+-------++-------
Melee: Dagger            |    13 |    74 ||    87
 Fire: Hunting sling     |       |    16 ||    16
Throw: Stone             |    20 |       ||    20
 Cast: Sting             |     9 |       ||     9
       Poisonous Vapours |    38 |    44 ||    82
       Olgreb's Toxic Ra |       |     6 ||     6
  Use: Scroll            |       |     6 ||     6
 Stab: Sleeping          |     2 |    10 ||    12
  Eat: Ration            |       |     3 ||     3
Armor: Robe              |     4 |     5 ||     9
Dodge: Dodged            |    19 |    56 ||    75

Table legend:
 A = Non-vault XP
 B = Vault XP
 C = Vault XP percentage of total XP
 D = Non-vault monster count
 E = Vault monster count
 F = Vault count percentage of total count
                 A         B        C        D         E       F
            +---------+---------+-------+---------+---------+-------
      Total |     570 |      16 |   2.7 |      93 |       8 |   7.9
            +---------+---------+-------+---------+---------+-------
        D:1 |      35 |       0 |   0.0 |      19 |       0 |   0.0
        D:2 |     100 |       0 |   0.0 |      29 |       0 |   0.0
        D:3 |     139 |      16 |  10.3 |      28 |       8 |  22.2
        D:4 |     283 |       0 |   0.0 |      16 |       0 |   0.0
        D:5 |      13 |       0 |   0.0 |       1 |       0 |   0.0
            +---------+---------+-------+---------+---------+-------
